Carbon, chaotic male elven Priest -------- ------ |<|>...---....| |^|-..........| |.||.```|.....| |.||....|.....| |.|------[----| |.| |......| |.------......| |@M...........| |..-----......| ---- -------- Carbon the Adept Experience level: 7 Strength: 14 Dexterity: 10 Constitution: 14 Intelligence: 9 Wisdom: 20 Charisma: 12 Health: 0(47) Energy: 92(92) Def: 7 Gold: 0 Moves: 7836 Dungeon seed: -U6DEFzsTd7JTNlx Game ID: Carbon_1615845276 Your Inventory: Weapons a - a blessed +3 mace (weapon in hand) l - a +1 crossbow (alternate weapon; not wielded) t - 22 +0 crossbow bolts (in quiver) Armor e - a +0 robe (being worn) n - a +0 small shield (being worn) z - a +0 pair of iron shoes (being worn) P - a +0 dwarvish iron helm (being worn) Comestibles c - 3 cloves of garlic d - a sprig of wolfsbane g - 2 slime molds D - 2 lembas wafers M - 2 food rations Rings b - a ring of free action x - a +1 ring of gain strength (on left hand) K - a ring of polymorph control (on right hand) Wands h - a blessed wand of magic missile (0:3) q - a wand of undead turning (0:5) u - a wand of striking (0:4) v - a wand of digging (0:3) Y - a wand of create monster (0:10) Z - a wand of sleep (0:1) Tools o - a magic lamp E - a skeleton key S - a tooled horn W - a sack X - a magic whistle Contents of the sack: 824 gold pieces a scroll of charging 2 scrolls of earth a scroll of remove curse a blessed spellbook of cure sickness a spellbook of healing a spellbook of protection a spellbook of remove curse 2 cursed potions of extra healing 2 potions of gain energy 3 potions of holy water a blessed potion of object detection a potion of water a cursed ring of aggravate monster a cursed -4 ring of protection a cursed ring of see invisible a cursed ring of slow digestion a wand of striking (0:5) 4 agate stones 2 cursed emeralds a garnet stone 3 worthless pieces of black glass 2 worthless pieces of blue glass 2 worthless pieces of green glass a cursed worthless piece of green glass a worthless piece of orange glass a cursed worthless piece of orange glass a worthless piece of violet glass 3 worthless pieces of white glass 2 worthless pieces of yellow glass a worthless piece of yellowish brown glass a cursed worthless piece of yellowish brown glass Spells and supernatural/magical abilities: Name Level Category Fail Memory e - charm monster 3 enchantment 63% 75% h - healing 1 healing 0% 91% p - protection 1 clerical 0% 61% r - remove curse 3 clerical 0% 61% K - cure sickness 3 healing 57% 75% W - pray for help -- divine ? -- X - turn undead -- divine ? -- Your skills at the end: Fighting Skills Weapon Skills mace [Basic] Spellcasting Skills clerical spells [Basic] Final Attributes: You were piously aligned. You were sleep resistant. You were telepathic. You had infravision. You had polymorph control. You are dead. Vanquished creatures: a ghost 2 gnome kings a dwarf mummy 3 dwarf lords 2 human zombies a rope golem 4 fire ants a wood nymph a water nymph a mountain nymph an orc shaman a rock mole 2 fog clouds a violet fungus 5 gnome lords 5 gnomish wizards a guardian naga hatchling 3 gray oozes a ghoul a giant ant a little dog 2 floating eyes a kitten 8 dwarves 5 kobold lords 3 hill orcs a rothe a rabid rat 5 monkeys 4 orc zombies a wererat a werejackal 3 iguanas 2 acid blobs 2 coyotes 5 hobbits a large kobold 2 hobgoblins 2 giant rats 5 cave spiders a yellow mold 2 red molds 26 gnomes 2 garter snakes a gnome zombie 5 geckos 6 jackals 2 foxes 2 kobolds 7 sewer rats 8 grid bugs 2 bats 2 lichens a kobold zombie 10 newts 170 creatures vanquished. Voluntary challenges: You used a wielded weapon 220 times, starting on turn 52. You read items or engraved 25 times, starting on turn 490. You never genocided any monsters. You never polymorphed an object. You never changed form. You used no wishes. You never split a pudding. You never wrote Elbereth's name. You never violated your personal moral code. Dungeon overview: The Dungeons of Doom: levels 1 to 6 Level 1 some fountains a long staircase Level 2 some fountains stairs to The Gnomish Mines Level 3 an altar to Anhur Level 4 a fountain Level 5 many fountains Level 6 a fountain stairs to Sokoban The Gnomish Mines: levels 3 to 6 Level 3 stairs to The Dungeons of Doom Level 4 Level 5 a lighting shop, a temple to Ptah, some fountains, a sink Level 6 Sokoban: Level 5 <- You were here stairs to The Dungeons of Doom History has recorded: On T:1 you entered the Dungeons of Doom to retrieve the Amulet of Yendor! On T:431 you reached level 2 of The Dungeons of Doom. On T:725 you advanced to experience level 2. On T:795 you reached level 3 of The Dungeons of Doom. On T:1256 you advanced to experience level 3. On T:1386 you reached level 4 of The Dungeons of Doom. On T:1928 you advanced to experience level 4. On T:2491 you reached level 5 of The Dungeons of Doom. On T:2738 you advanced to experience level 5. On T:3559 you reached level 1 of The Gnomish Mines. On T:3643 you advanced to experience level 6. On T:3894 you reached level 2 of The Gnomish Mines. On T:4635 you advanced to experience level 7. On T:5367 you reached level 4 of The Gnomish Mines. On T:6840 you reached level 6 of The Dungeons of Doom. On T:7268 you reached level 4 of Sokoban. Score breakdown: Gold: 824 ( 9920 points) Experience: 7 levels (13645 points) Exploration: 6 levels ( 12.50%) ( 9784 points) Discoveries: 19 items ( 6.62%) ( 7718 points) Valuables value: (no points given unless you survive) Artifact value: 0 ( 0 points) Variety of kills: 55 monsters ( 14.44%) (11398 points) Turncount: 7836 turns (-2018 points) Survival: died (score multiplied by 80%) Total score: 40357 Latest messages: The dwarf lord thrusts his broad short sword. The dwarf lord misses. You hit the dwarf lord! The dwarf lord thrusts his broad short sword. The dwarf lord hits! The dwarf lord thrusts his broad short sword. The dwarf lord hits! You hit the dwarf lord! You miss the dwarf lord. The dwarf lord thrusts his broad short sword. The dwarf lord misses. The dwarf lord thrusts his broad short sword. The dwarf lord hits! You kill the dwarf lord! With great effort you move the boulder. There are several objects here. This dwarf lord corpse tastes terrible! You finish eating the dwarf lord corpse. With great effort you move the boulder. The boulder fills a pit. The gnome mummy hits! (3x) You hit the gnome mummy! The gnome mummy hits! You die... Final status: Goodbye Carbon the Priest, killed by a gnome mummy... You died in Sokoban on dungeon level 5 with 40357 points, and 824 pieces of gold, after 7836 moves. You were level 7 with a maximum of 47 hit points when you died.